[Event "FIDE Open Sachove Univerzity QCC"]
[Site "Ceske Budejovice"]
[Date "2020.07.01"]
[Round "1.1"]
[White "Chval, Petr"]
[Black "Zezula, Jakub"]
[Result "1-0"]
[ECO "A07"]
[WhiteElo "1926"]
[BlackElo "1449"]
[Annotator "ChessBase"]
[PlyCount "67"]
[EventDate "2020.07.01"]
[EventType "swiss"]
[EventCountry "CZE"]
[SourceTitle "playchess.com"]
[Source "ChessBase"]
[SourceQuality "1"]
[TimeControl "40/5400+30:1800+30"]

1. Nf3 d5 2. g3 Nf6 3. Bg2 Bf5 4. c4 e6 5. Qb3 Qc8 6. Nc3 c6 7. d4 Be7 8. Nh4 Bg4 9. h3 Bh5 10. g4 Bg6 11. Bg5 h6 12. Nxg6 fxg6 13. Bf4 O-O 14. Bg3 Nbd7 15. e4 Nxe4 16. Nxe4 dxe4 17. Bxe4 Nf6 18. Bxg6 c5 19. dxc5 Bxc5 20. O-O Qc6 21. Rfe1 Rad8 22. Re2 b6 23. Rae1 e5 24. Rxe5 Nxg4 25. Be4 Qf6 26. Rf5 Nxf2 27. Rxf6 Rxf6 28. Bd5+ Rxd5 29. cxd5 Nd3+ 30. Kg2 Nxe1+ 31. Bxe1 Rg6+ 32. Kf3 Bd6 33. Ke4 Rf6 34. Bg3 1-0

[Event "FIDE Open Sachove Univerzity QCC"]
[Site "Ceske Budejovice"]
[Date "2020.07.01"]
[Round "1.1"]
[White "Bara, Jan"]
[Black "Veselsky, Jan"]
[Result "0-1"]
[ECO "D93"]
[WhiteElo "1128"]
[BlackElo "1580"]
[Annotator "NA RC"]
[PlyCount "110"]
[EventDate "2020.07.01"]
[EventType "swiss"]
[EventCountry "CZE"]
[SourceTitle "playchess.com"]
[Source "ChessBase"]
[SourceQuality "1"]
[TimeControl "40/5400+30:1800+30"]

1. d4 Nf6 2. c4 g6 3. Nc3 d5 4. Nf3 Bg7 5. Bf4 O-O 6. e3 Bg4 7. Be2 c5 8. O-O cxd4 9. Nxd4 Bxe2 10. Qxe2 dxc4 11. Qxc4 Nbd7 12. Nd5 e5 13. Nxf6+ Qxf6 14. Qc7 Rfd8 15. Bxe5 Nxe5 16. Qxb7 Rdb8 17. Qe4 Nc4 18. Rfe1 Re8 19. Qc2 Rac8 20. Qa4 Qb6 21. b3 Nd6 22. Rac1 h6 23. Rc6 Rxc6 24. Nxc6 Re4 25. b4 Nb5 26. Qc2 Re6 27. Na5 Nd6 28. a3 Re8 29. Qc6 Qb8 30. Rd1 Nf5 31. Qc5 Rc8 32. Nc6 Qc7 33. b5 a6 34. a4 axb5 35. axb5 Kh7 36. Rc1 Nd6 37. b6 Qd7 38. g3 Nb7 39. Qc4 Nd8 40. Qa4 Rxc6 41. Rd1 Qe6 42. Rxd8 Rxb6 43. Kg2 Ra6 44. Qe8 Qc6+ 45. Qxc6 Rxc6 46. Rd7 Kg8 47. h4 Kf8 48. f4 Ke8 49. Rd3 Ke7 50. Kf3 Ke6 51. Kg4 f5+ 52. Kf3 Rc3 53. Rxc3 Bxc3 54. Ke2 Kd5 55. Kf3 Be1 0-1

[Event "FIDE Open Sachove Univerzity QCC"]
[Site "Ceske Budejovice"]
[Date "2020.07.01"]
[Round "1.2"]
[White "Kaucky, Jaroslav"]
[Black "Zezula, Matej"]
[Result "1-0"]
[ECO "A03"]
[WhiteElo "1573"]
[BlackElo "1125"]
[Annotator "NA"]
[PlyCount "59"]
[EventDate "2020.07.01"]
[EventType "swiss"]
[EventCountry "CZE"]
[SourceTitle "playchess.com"]
[Source "ChessBase"]
[SourceQuality "1"]
[TimeControl "40/5400+30:1800+30"]

1. f4 d5 2. d4 Bf5 3. Nf3 Nc6 4. e3 Nf6 5. Bd3 Bg4 6. h3 Bxf3 7. Qxf3 e6 8. c3 Bd6 9. Nd2 Qd7 10. b4 a6 11. Bb2 b5 12. Bc2 O-O 13. g4 h6 14. h4 Ne8 15. g5 hxg5 16. hxg5 f5 17. g6 Rf6 18. Qh5 Kf8 19. Nf3 Ke7 20. Ne5 Bxe5 21. fxe5 Rf8 22. Qh4+ Nf6 23. exf6+ Rxf6 24. a4 bxa4 25. Bxa4 Rb8 26. Ba3 Ke8 27. Bxc6 Qxc6 28. Qh8+ Rf8 29. Qxf8+ Kxf8 30. b5+ 1-0

[Event "FIDE Open Sachove Univerzity QCC"]
[Site "Ceske Budejovice"]
[Date "2020.07.01"]
[Round "1.2"]
[White "Dudkova, Josefina"]
[Black "Hlavsa, Filip"]
[Result "0-1"]
[ECO "C41"]
[WhiteElo "1447"]
[BlackElo "1886"]
[Annotator "NA"]
[PlyCount "64"]
[EventDate "2020.07.01"]
[EventType "swiss"]
[EventCountry "CZE"]
[SourceTitle "playchess.com"]
[Source "ChessBase"]
[SourceQuality "1"]
[TimeControl "40/5400+30:1800+30"]

1. e4 d6 2. d4 Nf6 3. Nc3 Nbd7 4. Nf3 e5 5. Bc4 Be7 6. O-O O-O 7. Bg5 {[%emt 0:06:17] 7.a4 gains popularity.} c6 8. dxe5 {[%emt 0:03:24] C41: Philidor Defence.} dxe5 9. Re1 b5 10. Bb3 Qc7 11. a3 Nc5 12. Ba2 Bg4 {[%emt 0:00:34] [#]} 13. b4 $146 ({Predecessor:} 13. h3 Rad8 14. Qe2 Be6 15. Bxe6 Nxe6 16. Be3 Nd4 17. Bxd4 exd4 18. Na2 Qb6 19. b4 {½-½ (35) Polovka,M (1786)-Husek,Z (1909) Slovakia 2016}) 13... Ne6 14. Bh4 Rad8 15. Qe2 Nd4 16. Qe3 Nxc2 17. Qe2 Nd4 18. Qe3 Bxf3 19. gxf3 Nc2 20. Qe2 Nxa1 21. Rxa1 Nh5 22. Bg3 Bg5 $19 23. h4 Bf4 24. Bxf4 Nxf4 25. Qe1 Qe7 26. Qf1 Qxh4 27. Ne2 Rd6 28. Ng3 Rh6 29. Qd1 Rd8 30. Qc2 Qh2+ 31. Kf1 Rd1+ 32. Qxd1 Qh1+ 0-1

[Event "FIDE Open Sachove Univerzity QCC"]
[Site "Ceske Budejovice"]
[Date "2020.07.01"]
[Round "1.3"]
[White "Svanda, Adam"]
[Black "Roubal, Matyas"]
[Result "1-0"]
[ECO "A14"]
[WhiteElo "1870"]
[BlackElo "1443"]
[Annotator "NA"]
[PlyCount "91"]
[EventDate "2020.07.01"]
[EventType "swiss"]
[EventCountry "CZE"]
[SourceTitle "playchess.com"]
[Source "ChessBase"]
[SourceQuality "1"]
[TimeControl "40/5400+30:1800+30"]

1. c4 e6 2. g3 d5 3. Bg2 Nf6 4. Nf3 c5 5. b3 Nc6 6. Bb2 Be7 7. O-O O-O 8. e3 b6 9. d3 Bb7 10. a3 dxc4 11. bxc4 Qc7 12. Nc3 a6 13. Qc2 Rad8 14. Rfd1 Nd7 15. Ne2 Bf6 16. Bxf6 Nxf6 17. Qb2 Rfe8 18. Rab1 Nd7 $11 19. Nf4 Na5 20. Ne2 e5 21. e4 Nc6 22. Nc3 Nd4 23. Nd5 Bxd5 24. cxd5 b5 25. Rdc1 Nb6 26. Nxd4 exd4 27. Qxd4 c4 28. dxc4 Nxc4 29. a4 Rb8 30. Bf1 Qe5 31. Rxc4 Rbd8 32. Qxe5 Rxe5 33. axb5 axb5 34. Rxb5 f5 35. exf5 Rxf5 36. Bg2 Kf7 37. Rb7+ Kf8 38. d6 Re5 39. Rc1 Re6 40. d7 Rd6 41. Bh3 Ke7 42. Rc8 Rd1+ 43. Kg2 R8xd7 44. Rxd7+ Rxd7 45. Bxd7 Kxd7 46. Rg8 1-0

[Event "FIDE Open Sachove Univerzity QCC"]
[Site "Ceske Budejovice"]
[Date "2020.07.01"]
[Round "1.3"]
[White "Day, Sophia Olivia"]
[Black "Janku, Jaroslav"]
[Result "0-1"]
[ECO "C47"]
[WhiteElo "1099"]
[BlackElo "1571"]
[Annotator "NA"]
[PlyCount "106"]
[EventDate "2020.07.01"]
[EventType "swiss"]
[EventCountry "CZE"]
[SourceTitle "playchess.com"]
[Source "ChessBase"]
[SourceQuality "1"]
[TimeControl "40/5400+30:1800+30"]

1. e4 e5 2. Nf3 Nc6 3. Nc3 Nf6 4. d4 d6 5. dxe5 dxe5 6. Qxd8+ Kxd8 7. Bg5 h6 8. Bxf6+ gxf6 9. O-O-O+ Bd6 10. Nb5 Kd7 11. g3 a6 12. Bh3+ Ke7 13. Bxc8 Raxc8 14. Nc3 Ke6 15. Rd2 Bb4 16. Rd3 Bxc3 17. Rxc3 f5 18. exf5+ Kxf5 19. Nh4+ Ke6 20. f4 Nd4 21. Kb1 e4 22. Re1 Kd5 23. Rce3 Rce8 24. Rd1 c5 25. c3 Rd8 26. cxd4 cxd4 27. Rb3 b5 28. Rb4 Kc5 29. Rb3 d3 30. Rc3+ Kd5 31. Ng2 Rc8 32. Rxc8 Rxc8 33. Ne3+ Ke6 34. f5+ Ke5 35. Rc1 Rd8 36. Rc5+ Kd4 37. Rc1 Kxe3 38. Rd1 Rc8 39. a3 d2 40. g4 Ke2 41. Rg1 d1=R+ 42. Rxd1 Kxd1 43. Ka2 a5 44. Kb3 a4+ 45. Kb4 e3 46. Kxb5 e2 47. Kxa4 e1=Q 48. b4 Qe8+ 49. Kb3 Kd2 50. h4 Rc3+ 51. Kb2 Qa4 52. g5 Qb3+ 53. Ka1 Rc1# 0-1

[Event "FIDE Open Sachove Univerzity QCC"]
[Site "Ceske Budejovice"]
[Date "2020.07.01"]
[Round "1.4"]
[White "Kroulik, Vaclav"]
[Black "Titera, Libor"]
[Result "0-1"]
[ECO "C01"]
[WhiteElo "1442"]
[BlackElo "1843"]
[Annotator "NA RC"]
[PlyCount "102"]
[EventDate "2020.07.01"]
[EventType "swiss"]
[EventCountry "CZE"]
[SourceTitle "playchess.com"]
[Source "ChessBase"]
[SourceQuality "1"]
[TimeControl "40/5400+30:1800+30"]

1. e4 e6 2. d4 d5 3. exd5 exd5 4. Nf3 Nf6 5. Bd3 Bd6 6. c3 O-O 7. O-O Bg4 8. Bg5 Nbd7 9. Nbd2 h6 {[%emt 0:00:00] C01: French: Exchange Variation.} 10. Bh4 c6 11. Qc2 Qc7 12. h3 ({White should play} 12. Rfe1 $11) 12... Bh5 13. g4 g5 $1 14. gxh5 {[%emt 0:00:00] [#]} Nxh5 $146 ({Predecessor:} 14... gxh4 15. Kh1 Kh8 16. Nxh4 Nxh5 17. Bf5 Ndf6 {½-½ (17) Soilemetzidis,K (1720)-Dimopoulos,H (1595) Chania 2003}) 15. Bxg5 hxg5 16. Nxg5 Kg7 17. Bf5 Ndf6 18. Be6 Nf4 19. Bg4 Rh8 20. Qf5 $2 (20. Bf5 {is the only way for White.} Rh5 21. Ndf3) 20... Rag8 $2 (20... Nxg4 $19 21. Qxg4 Rag8) 21. Rae1 Nxg4 22. hxg4 Rh6 23. Re5 Bxe5 24. dxe5 Ne6 ({But not} 24... Ne2+ $6 25. Kg2 $16) 25. Ndf3 ({Only move:} 25. f4 $1 $15) 25... Qe7 26. Re1 (26. Nxe6+ {was worth a try.} fxe6 27. Qf4) 26... Rg6 27. Nh3 Kf8 28. Nh2 Rh8 29. Re3 d4 30. cxd4 Nxd4 31. Qc8+ $2 (31. Qe4 Ne6 32. Nf4 Nxf4 33. Qxf4) 31... Kg7 32. Qxh8+ Kxh8 33. Nf4 Rh6 34. Nh5 Qc5 35. Kg2 Qd5+ 36. Kg1 Qxa2 {[%emt 0:00:21] Decoy} 37. Ra3 Qb1+ 38. Kg2 Qe4+ 39. f3 Qe2+ 40. Kg3 Qxe5+ 41. Kg2 Qg5 42. Kf2 Re6 43. Kg3 a6 44. Ra1 Re2 45. Rb1 Qd2 46. Rh1 Rg2+ 47. Kh3 Ne6 48. Nf1 Qf2 49. f4 Nxf4+ 50. Nxf4 Qf3+ {[%emt 0:00:00] Double Attack} 51. Kh4 Qxg4# 0-1

[Event "FIDE Open Sachove Univerzity QCC"]
[Site "Ceske Budejovice"]
[Date "2020.07.01"]
[Round "1.5"]
[White "Svetly, Jiri"]
[Black "Bastyr, Pavel"]
[Result "1/2-1/2"]
[ECO "E32"]
[WhiteElo "1835"]
[BlackElo "1439"]
[Annotator "NA RC"]
[PlyCount "105"]
[EventDate "2020.07.01"]
[EventType "swiss"]
[EventCountry "CZE"]
[SourceTitle "playchess.com"]
[Source "ChessBase"]
[SourceQuality "1"]
[TimeControl "40/5400+30:1800+30"]

1. d4 Nf6 2. c4 e6 3. Nc3 Bb4 4. Qc2 O-O 5. e4 d5 6. e5 {[%emt 0:05:16] E32: Nimzo-Indian: Classical (4 Qc2): 4...0-0.} Nfd7 7. Bd3 {[%emt 0:02:59] [#]} g6 $146 ({Predecessor:} 7... h6 8. a3 Bxc3+ 9. bxc3 dxc4 10. Bxc4 c5 11. Nf3 Nc6 12. Be3 Qa5 13. O-O Nb6 {1-0 (37) Wang,X (1594)-Milare,T (1789) Willingen 2017}) 8. Bh6 Re8 9. c5 b6 10. cxb6 axb6 11. Nf3 c5 12. O-O Nc6 13. Bg5 Nxd4 14. Nxd4 Qxg5 15. f4 Qh6 16. Ndb5 Rd8 17. Nc7 Ra5 18. a3 Bxc3 19. Qxc3 c4 20. b4 cxb3 21. Qxb3 Rc5 22. Nb5 Ba6 23. Nd6 Bxd3 24. Qxd3 Ra8 25. Qb3 Rc6 26. Qb5 Rc7 27. a4 Ra5 28. Qb4 Qf8 29. g4 Rc4 30. Qb3 {[%emt 0:00:57] [#]} Rc6 $1 31. Qe3 Qa8 32. f5 d4 ({Inferior is} 32... Rxa4 33. Rxa4 Qxa4 34. h3 $11) 33. Qxd4 Rxe5 34. Nxf7 Rc2 35. Rf2 Rxf2 36. Kxf2 Qd5 37. Qxd5 Rxd5 38. fxe6 Nc5 39. a5 {[%emt 0:03:09] [#]} (39. h4 $11) 39... bxa5 $1 40. Nh6+ Kg7 (40... Kf8 $17 41. Kf3 a4) 41. e7 Ne4+ 42. Kg2 (42. Kf3 $11 {remains equal.} Nd6 43. g5) 42... Nd6 43. Re1 (43. Rf1 $17 Kxh6 44. Rf8) 43... Ne8 (43... Kxh6 $19 44. e8=Q Nxe8 45. Rxe8 Kg5) 44. Rf1 Re5 45. Nf7 Rxe7 46. Ng5 $19 (46. Nd8 $17 {might work better.}) 46... Nd6 47. Ra1 Ra7 48. Ra4 Nc8 49. Ne6+ Kg8 50. g5 Nb6 51. Ra3 a4 52. Rf3 Rf7 53. Ra3 1/2-1/2

[Event "FIDE Open Sachove Univerzity QCC"]
[Site "Ceske Budejovice"]
[Date "2020.07.01"]
[Round "1.6"]
[White "Barta, David"]
[Black "Karweit, Alex W"]
[Result "1/2-1/2"]
[ECO "D02"]
[WhiteElo "1541"]
[BlackElo "1579"]
[Annotator "NA"]
[PlyCount "58"]
[EventDate "2020.07.01"]
[EventType "swiss"]
[EventCountry "CZE"]
[SourceTitle "playchess.com"]
[Source "ChessBase"]
[SourceQuality "1"]
[TimeControl "40/5400+30:1800+30"]

1. d4 d5 2. Nf3 Nf6 3. g3 e6 4. Bg2 Bb4+ 5. Bd2 Be7 6. Bf4 O-O 7. O-O b6 8. Nbd2 Nbd7 9. c4 c5 10. e3 cxd4 11. exd4 Bb7 12. Be5 dxc4 13. Nxc4 Nd5 14. Qd3 Ba6 15. Rac1 Bf6 16. Rfe1 Qe7 17. Qb3 Qb4 18. Qxb4 Nxb4 19. Bd6 Nd3 20. Nfe5 Bxe5 21. Bxf8 Rxf8 22. Nxe5 N7xe5 23. dxe5 Nxe1 24. Rxe1 Rd8 25. Rc1 Rd2 26. Bf1 b5 27. Bxb5 Bb7 28. Bf1 Rxb2 29. a4 g5 1/2-1/2

[Event "FIDE Open Sachove Univerzity QCC"]
[Site "Ceske Budejovice"]
[Date "2020.07.01"]
[Round "1.7"]
[White "Simacek, Vaclav"]
[Black "Motejzik, Jaroslav"]
[Result "1-0"]
[ECO "C14"]
[WhiteElo "1816"]
[BlackElo "1396"]
[Annotator "NA"]
[PlyCount "37"]
[EventDate "2020.07.01"]
[EventType "swiss"]
[EventCountry "CZE"]
[SourceTitle "playchess.com"]
[Source "ChessBase"]
[SourceQuality "1"]
[TimeControl "40/5400+30:1800+30"]

1. e4 e6 2. d4 d5 3. Nc3 Nf6 4. Bg5 Be7 5. e5 Nfd7 6. h4 c5 7. Nb5 Qb6 8. Bxe7 Kxe7 9. Qg4 Kf8 10. O-O-O cxd4 11. f4 Nc5 12. Nf3 Ne4 13. Ng5 Nf2 14. Qh5 g6 15. Qh6+ Kg8 16. Be2 d3 17. Nd6 Qe3+ 18. Kb1 dxe2 19. Ne8 1-0

[Event "FIDE Open Sachove Univerzity QCC"]
[Site "Ceske Budejovice"]
[Date "2020.07.01"]
[Round "1.8"]
[White "Gorej, Vojtech"]
[Black "Straka, Zdenek"]
[Result "0-1"]
[ECO "C03"]
[WhiteElo "1395"]
[BlackElo "1812"]
[Annotator "NA"]
[PlyCount "90"]
[EventDate "2020.07.01"]
[EventType "swiss"]
[EventCountry "CZE"]
[SourceTitle "playchess.com"]
[Source "ChessBase"]
[SourceQuality "1"]
[TimeControl "40/5400+30:1800+30"]

1. e4 e6 2. d4 d5 3. Nd2 a6 4. e5 c5 5. c3 cxd4 6. cxd4 Nc6 7. Ndf3 Bd7 8. Bd3 Nb4 9. Bb1 Rc8 $14 10. a3 Qc7 11. Be3 Nc2+ 12. Bxc2 Qxc2 13. Qxc2 Rxc2 14. b4 Ne7 15. Ne2 Nf5 16. Bd2 Rc4 17. Rc1 Rxc1+ 18. Nxc1 Be7 19. Nd3 b6 20. g4 Nh4 21. Nxh4 Bxh4 22. g5 Bb5 23. Nb2 f6 24. a4 Bc6 25. gxf6 gxf6 26. Bf4 Rg8 27. Kf1 Kd7 28. Rg1 Rxg1+ 29. Kxg1 fxe5 30. Bxe5 Be7 31. a5 bxa5 32. bxa5 Bb5 33. f4 Bd8 34. Kf2 Bxa5 35. Nd1 Bd3 36. Ke3 Bf5 37. Nb2 Bc2 38. Nd3 Bxd3 39. Kxd3 Kc6 40. Ke3 Kb5 41. f5 exf5 42. Kf4 Bc3 43. Kxf5 a5 44. Ke6 Kc4 45. Kf7 a4 0-1

[Event "FIDE Open Sachove Univerzity QCC"]
[Site "Ceske Budejovice"]
[Date "2020.07.01"]
[Round "1.9"]
[White "Pokora, Lubomir"]
[Black "Svadlenka, Michal"]
[Result "1-0"]
[ECO "A01"]
[WhiteElo "1800"]
[BlackElo "1395"]
[Annotator "NA RC"]
[PlyCount "101"]
[EventDate "2020.07.01"]
[EventType "swiss"]
[EventCountry "CZE"]
[SourceTitle "playchess.com"]
[Source "ChessBase"]
[SourceQuality "1"]
[TimeControl "40/5400+30:1800+30"]

1. b3 e5 2. Bb2 Nc6 3. e3 d5 4. Bb5 Bd6 5. Nf3 Bg4 6. h3 Bxf3 7. Qxf3 Nf6 8. c4 {[%emt 0:07:57] A01: Nimzowitsch-Larsen Opening.} e4 9. Qf5 {[%emt 0:05:53] [#]} dxc4 $146 (9... Qd7 $11 {remains equal.} 10. Qg5 (10. Qxd7+ Nxd7 11. cxd5 Nb4 $11) 10... Be7) ({Predecessor:} 9... O-O 10. Bxf6 Qxf6 11. Qxf6 gxf6 12. Bxc6 bxc6 13. cxd5 cxd5 14. Nc3 c6 15. Rc1 Rac8 {1-0 (77) Dimitrov,D (2096)-Druchenko,M (1727) Pardubice 2018}) 10. bxc4 Be7 11. O-O O-O 12. Bxc6 bxc6 13. Bd4 Qd7 14. Qa5 Rfb8 15. f3 Bb4 16. Qg5 h6 17. Qg3 Bd6 18. Qh4 Be7 19. fxe4 c5 (19... Qe6 $1 $11 {remains equal.}) 20. Bc3 Qe6 21. d3 Rd8 22. e5 Nd7 23. Qg3 Nb6 24. e4 Rd7 25. a4 Rad8 26. Rf3 c6 27. Nd2 Bg5 28. Nb3 Be7 29. a5 Na8 30. Rd1 Nc7 31. Rdf1 Bf8 32. Nc1 Na6 33. Rf6 Qe8 34. Rxh6 g6 35. Rh4 Bg7 36. Qg5 $2 (36. Rg4 $18) 36... Qe7 37. Qg3 (37. Qxe7 $16 Rxe7 38. Rhf4) 37... Nc7 38. Rg4 Ne6 39. h4 Nf8 40. h5 Qe6 41. Rf3 a6 42. Ne2 (42. Kh2 $142) 42... Rb8 43. Nf4 Qe7 44. hxg6 $18 Nxg6 45. Nxg6 fxg6 46. Rxg6 Rb1+ 47. Kh2 Rc1 48. e6 Rb7 49. Bxg7 Qxg7 50. Rxg7+ Rxg7 51. Qb8+ 1-0

[Event "FIDE Open Sachove Univerzity QCC"]
[Site "Ceske Budejovice"]
[Date "2020.07.01"]
[Round "1.10"]
[White "Havelkova, Beata"]
[Black "Valtr, Filip"]
[Result "0-1"]
[ECO "B22"]
[WhiteElo "1394"]
[BlackElo "1784"]
[Annotator "NA"]
[PlyCount "58"]
[EventDate "2020.07.01"]
[EventType "swiss"]
[EventCountry "CZE"]
[SourceTitle "playchess.com"]
[Source "ChessBase"]
[SourceQuality "1"]
[TimeControl "40/5400+30:1800+30"]

1. e4 c5 2. c3 d5 3. exd5 Qxd5 4. d4 cxd4 5. cxd4 e6 6. Nc3 Qd8 7. Nf3 Nf6 8. h3 Nc6 9. Be3 a6 10. a3 b5 11. Bd3 Bb7 12. O-O Be7 13. Qc2 Rc8 14. Rad1 Qc7 15. Qb1 O-O 16. Ng5 g6 17. Nge4 Rfd8 18. Ne2 Nxe4 19. Bxe4 Bf6 20. d5 exd5 21. Bxd5 Qe5 22. Nc3 Qc7 23. Ne4 Be5 24. Ng5 Rd7 25. Qa2 Nd8 26. Rc1 Qd6 27. Rxc8 Bxc8 28. Rd1 Kg7 29. Bb3 Qxd1+ 0-1

[Event "FIDE Open Sachove Univerzity QCC"]
[Site "Ceske Budejovice"]
[Date "2020.07.01"]
[Round "1.11"]
[White "Pesek, Petr"]
[Black "Dusanek, Michal"]
[Result "0-1"]
[ECO "B30"]
[WhiteElo "1927"]
[BlackElo "1500"]
[Annotator "ChessBase"]
[PlyCount "80"]
[EventDate "2020.07.01"]
[EventType "swiss"]
[EventCountry "CZE"]
[SourceTitle "playchess.com"]
[Source "ChessBase"]
[SourceQuality "1"]
[TimeControl "40/5400+30:1800+30"]

1. e4 c5 2. Nf3 Nc6 3. Bc4 g6 4. c3 Bg7 5. d4 cxd4 6. cxd4 e6 7. e5 Nge7 8. O-O O-O 9. d5 Nxe5 10. Nxe5 Bxe5 11. d6 Nc6 12. Nc3 a6 13. Be3 b5 14. Bd3 Bb7 15. Be4 Rc8 16. Qf3 f5 17. Bxc6 Bxc6 18. Qh3 Bxd6 19. Qh6 Be5 20. Bg5 Bf6 21. Bxf6 Qxf6 22. Qc1 b4 23. Ne2 Bxg2 24. Qd1 Bxf1 25. Qxf1 d5 26. Qg2 Qxb2 27. Re1 Qd2 28. Kf1 Qxa2 29. Nc1 Qc4+ 30. Kg1 Qxc1 31. Rxc1 Rxc1+ 32. Qf1 Rfc8 33. Kg2 Rxf1 34. Kxf1 b3 35. Kg2 b2 36. Kf3 b1=Q 37. Kf4 Qe4+ 38. Kg3 Rc3+ 39. f3 Qxf3+ 40. Kh4 Qg4# 0-1

[Event "FIDE Open Sachove Univerzity QCC"]
[Site "Ceske Budejovice"]
[Date "2020.07.01"]
[Round "1.11"]
[White "Petkov, Andon"]
[Black "Svejda, Karel"]
[Result "1-0"]
[ECO "B84"]
[WhiteElo "1776"]
[BlackElo "1387"]
[Annotator "NA"]
[PlyCount "57"]
[EventDate "2020.07.01"]
[EventType "swiss"]
[EventCountry "CZE"]
[SourceTitle "playchess.com"]
[Source "ChessBase"]
[SourceQuality "1"]
[TimeControl "40/5400+30:1800+30"]

1. e4 c5 2. Nf3 e6 3. d4 cxd4 4. Nxd4 Nf6 5. Nc3 d6 6. Be3 a6 7. Be2 Be7 8. O-O O-O 9. Bf3 Qc7 10. Nce2 Nc6 11. c3 Ne5 12. Ng3 Bd7 13. Be2 Rfd8 14. Qc2 Rac8 15. Rad1 Nc4 16. Bc1 Qa5 17. Qb1 b5 18. Bd3 b4 19. Bxc4 Rxc4 20. Bd2 bxc3 21. Bxc3 Qc5 22. Qd3 Rc8 23. Rfe1 Ng4 24. Qe2 Ne5 25. Nf3 Bf6 26. Nd4 h6 27. Nb3 Qc7 28. Qd2 Be7 29. Bxe5 1-0

[Event "FIDE Open Sachove Univerzity QCC"]
[Site "Ceske Budejovice"]
[Date "2020.07.01"]
[Round "1.12"]
[White "Janouskova, Adela"]
[Black "Sobotka, Radim"]
[Result "1/2-1/2"]
[ECO "C42"]
[WhiteElo "1377"]
[BlackElo "1764"]
[Annotator "NA"]
[PlyCount "53"]
[EventDate "2020.07.01"]
[EventType "swiss"]
[EventCountry "CZE"]
[SourceTitle "playchess.com"]
[Source "ChessBase"]
[SourceQuality "1"]
[TimeControl "40/5400+30:1800+30"]

1. e4 e5 2. Nf3 Nf6 3. Nxe5 d6 4. Nf3 Nxe4 5. Nc3 Nxc3 6. dxc3 Be7 7. Bf4 O-O 8. Qd2 Re8 9. O-O-O Nc6 10. h4 Bg4 11. Re1 Qd7 12. Bd3 Bf6 13. Ng5 Bf5 14. g4 Bxd3 15. Qxd3 Rxe1+ 16. Rxe1 Bxg5 17. Bxg5 Qxg4 18. Qe3 f6 19. f3 Qh3 20. Bf4 Qxh4 21. Qe6+ Kf8 22. Bxd6+ cxd6 23. Qxd6+ Kg8 24. Qe6+ Kf8 25. Qd6+ Kf7 26. Qd7+ Kf8 27. Qd6+ 1/2-1/2

[Event "FIDE Open Sachove Univerzity QCC"]
[Site "Ceske Budejovice"]
[Date "2020.07.01"]
[Round "1.13"]
[White "Huemer, Gerald"]
[Black "Krautschneider, Daniel Jan"]
[Result "1/2-1/2"]
[ECO "A45"]
[WhiteElo "1721"]
[BlackElo "1374"]
[Annotator "NA"]
[PlyCount "75"]
[EventDate "2020.07.01"]
[EventType "swiss"]
[EventCountry "CZE"]
[SourceTitle "playchess.com"]
[Source "ChessBase"]
[SourceQuality "1"]
[TimeControl "40/5400+30:1800+30"]

1. d4 Nf6 2. Bf4 g6 3. e3 Bg7 4. Nd2 e6 5. h3 O-O 6. c3 d5 7. Ngf3 Nbd7 8. Be2 b6 9. Ne5 Bb7 10. Ndf3 Rc8 11. Qa4 a6 12. g4 b5 13. Qc2 c5 14. g5 Nxe5 15. Nxe5 Nd7 16. h4 Nxe5 17. Bxe5 Bxe5 18. dxe5 d4 19. Rh3 Qd5 20. Bf3 Qd7 21. Bxb7 Qxb7 22. O-O-O Rc7 23. exd4 cxd4 24. Rxd4 Rfc8 25. Qd2 b4 26. Rd8+ Kg7 27. Rxc8 Qxc8 28. Qf4 bxc3 29. Qf6+ Kg8 30. bxc3 Rxc3+ 31. Rxc3 Qxc3+ 32. Kb1 Qc7 33. Kb2 a5 34. Kb3 Qd7 35. Kc3 Qc6+ 36. Kb3 Qb5+ 37. Kc2 Qc4+ 38. Kb2 1/2-1/2

[Event "FIDE Open Sachove Univerzity QCC"]
[Site "Ceske Budejovice"]
[Date "2020.07.01"]
[Round "1.14"]
[White "Garabik, Marek"]
[Black "Berka, Lubos"]
[Result "0-1"]
[ECO "B12"]
[WhiteElo "1363"]
[BlackElo "1718"]
[Annotator "NA"]
[PlyCount "80"]
[EventDate "2020.07.01"]
[EventType "swiss"]
[EventCountry "CZE"]
[SourceTitle "playchess.com"]
[Source "ChessBase"]
[SourceQuality "1"]
[TimeControl "40/5400+30:1800+30"]

1. e4 c6 2. d4 d5 3. e5 Bf5 4. Nf3 e6 5. c3 Ne7 6. Bg5 h6 7. Be3 Nd7 8. h3 Qc7 9. Bd3 Bxd3 10. Qxd3 c5 11. dxc5 Nxc5 12. Qb5+ Nd7 13. Nbd2 a6 14. Qb3 Ng6 15. O-O Ngxe5 16. Nxe5 Nxe5 17. Rad1 Bd6 18. Bb6 Qc6 19. Bd4 O-O 20. f4 Nd7 21. Nf3 b5 22. Ne5 Nxe5 23. fxe5 Bc5 24. Rc1 Qb6 25. Qb4 Rac8 26. Bxc5 Rxc5 27. Qd4 Qc7 28. Qe3 Rc8 29. Rf4 Rc4 30. Rcf1 Rxf4 31. Qxf4 Qa7+ 32. Kh1 Rc4 33. Qg3 Re4 34. Re1 Rxe1+ 35. Qxe1 Qc5 36. Qd2 Qc4 37. b3 Qe4 38. Qd4 Qb1+ 39. Kh2 Qxa2 40. b4 Qc4 0-1

[Event "FIDE Open Sachove Univerzity QCC"]
[Site "Ceske Budejovice"]
[Date "2020.07.01"]
[Round "1.15"]
[White "Molnar, Ladislav"]
[Black "Rolinkova, Adela"]
[Result "1-0"]
[ECO "B07"]
[WhiteElo "1712"]
[BlackElo "1360"]
[Annotator "NA"]
[PlyCount "72"]
[EventDate "2020.07.01"]
[EventType "swiss"]
[EventCountry "CZE"]
[SourceTitle "playchess.com"]
[Source "ChessBase"]
[SourceQuality "1"]
[TimeControl "40/5400+30:1800+30"]

1. e4 d6 2. d4 Nf6 3. Bd3 g6 4. f4 Bg7 5. Nf3 O-O 6. O-O Bg4 7. h3 Bxf3 8. Qxf3 e5 9. c3 Nbd7 10. f5 c6 11. g4 d5 12. exd5 cxd5 13. Qf2 e4 14. Bc2 Qb6 15. Bb3 Qc6 16. Be3 a5 17. Qd2 a4 18. Bd1 b5 19. a3 Nb6 20. Be2 Ne8 21. Bg5 f6 22. Bh4 Nd6 23. fxg6 hxg6 24. Qc1 Kf7 25. Bg3 Ndc4 26. Nd2 Rae8 27. Nxc4 Nxc4 28. Bxc4 Qxc4 29. Qe3 Rh8 30. Kg2 Bh6 31. g5 Bg7 32. gxf6 Bxf6 33. Be5 Re6 34. Qg5 Qc6 35. Bxf6 Rxf6 36. Rxf6+ Qxf6 1-0

[Event "FIDE Open Sachove Univerzity QCC"]
[Site "Ceske Budejovice"]
[Date "2020.07.01"]
[Round "1.16"]
[White "Svadlenka, Dominik"]
[Black "Rychlik, Zdenek"]
[Result "0-1"]
[ECO "D10"]
[WhiteElo "1350"]
[BlackElo "1701"]
[Annotator "NA"]
[PlyCount "94"]
[EventDate "2020.07.01"]
[EventType "swiss"]
[EventCountry "CZE"]
[SourceTitle "playchess.com"]
[Source "ChessBase"]
[SourceQuality "1"]
[TimeControl "40/5400+30:1800+30"]

1. d4 d5 2. c4 c6 3. Nc3 dxc4 4. e3 Nf6 5. Bxc4 e6 6. Nf3 Bb4 7. O-O O-O 8. a3 Bxc3 9. bxc3 a5 10. a4 Qc7 11. Ba3 Re8 12. Be2 Ne4 13. Qc2 Nf6 14. c4 Nbd7 15. e4 e5 16. dxe5 Nxe5 17. Nd2 Bg4 18. Bxg4 Nexg4 19. Nf3 Nxe4 20. Rae1 Ngf6 21. h3 Rad8 22. Rd1 h6 23. Rb1 Rd7 24. Rfd1 Red8 25. Rxd7 Rxd7 26. Qb2 Qf4 27. Qe5 Qxe5 28. Nxe5 Rd2 29. Rxb7 Rd1+ 30. Kh2 Nxf2 31. Rxf7 N6e4 32. g4 Rh1+ 33. Kg2 Rxh3 34. Rf3 Ng5 35. Kxf2 Rh2+ 36. Kg3 Nxf3 37. Kxf3 Rh3+ 38. Ke4 Rxa3 39. Nxc6 Rxa4 40. Kf3 Rxc4 41. Nxa5 Rc1 42. Nb7 Kf7 43. Nd6+ Ke6 44. Ne8 g6 45. g5 hxg5 46. Kg4 Rc8 47. Ng7+ Kf7 0-1